 Dungeon Crawl Stone Soup version 0.30-a0-852-g08b95dd62f (webtiles) character file.

Game seed: 4700968969434495924

129 neptus the Covered (level 4, -8/41 HPs)
             Began as a Minotaur Fighter on Mar 4, 2023.
             Mangled by Pikel
             ... wielding a +2 whip of electrocution
              (17 damage)
             ... on level 4 of the Dungeon.
             The game lasted 00:05:49 (2280 turns).

neptus the Covered (Minotaur Fighter)               Turns: 2280, Time: 00:05:50

Health: -8/41      AC:  3    Str: 23    XL:     4   Next: 88%
Magic:  3/3        EV: 10    Int:  5    God:
Gold:   165        SH:  4    Dex:  9    Spells: 3/3 levels left

rFire   . . .      SeeInvis .    n - +2 hand axe (heavy)
rCold   . . .      Faith    .    c - +0 buckler
rNeg    . . .      Spirit   .    r - +0 leather armour
rPois   .          Reflect  .    (helmet restricted)
rElec   .          Rampage  .    (no cloak)
rCorr   .                        (no gloves)
Will    .....                    (no boots)
Stlth   +                        (no amulet)
HPRegen 0.26/turn                (no ring)
MPRegen 0.08/turn                (no ring)

@: no status effects
A: horns 2, retaliatory headbutt
a: no special abilities


You were on level 4 of the Dungeon.
You visited 1 branch of the dungeon, and saw 4 of its levels.

You collected 165 gold pieces.

Inventory:

Hand Weapons
 a - a +0 flail
 n - a +2 heavy hand axe (weapon)
Armour
 b - a +0 scale mail
 c - a +0 buckler (worn)
 r - a +0 leather armour (worn)
Scrolls
 e - 4 scrolls of teleportation {unknown}
 f - a scroll of noise {unknown}
 g - 3 scrolls of identify {unknown}
 i - a scroll of poison {unknown}
 l - 2 scrolls of fog {unknown}
 m - a scroll of torment {unknown}
 s - a scroll of enchant armour {unknown}
 u - a scroll of amnesia {unknown}
 v - a scroll of blinking {unknown}
Potions
 d - 2 potions of might
 h - a potion of heal wounds {unknown}
 j - a potion of attraction {unknown}
 k - 2 potions of flight {unknown}
 o - a potion of magic {unknown}
 p - 2 potions of curing {unknown}
 q - a potion of lignification {unknown}
 t - a potion of mutation {unknown}


   Skills:
 + Level 4.4 Fighting
 + Level 1.0(2.6) Axes
 + Level 3.9(4.0) Maces & Flails
 + Level 4.7 Armour
 + Level 0.3 Dodging
 + Level 0.2 Stealth
 + Level 4.1 Shields


You had 3 spell levels left.
You didn't know any spells.
Your spell library contained the following spells:

 Spells                   Type           Power      Damage    Failure   Level
 Summon Guardian Golem    Hex/Summ       0%         N/A       94%         3
 Orb of Destruction       Conj           0%         9d5       100%        7
 Spellforged Servitor     Conj/Summ      0%         N/A       100%        7


Dungeon Overview and Level Annotations

Branches:
Dungeon (4/15)
 Temple: D:4-7

Altars:
Hepliaklqana

Shops:
D:1 *

Annotations:
D:4 Pikel


Innate Abilities, Weirdness & Mutations

You have a pair of horns on your head.
You reflexively headbutt those who attack you in melee.


Message History

You kill the hound!
Your base Axes skill increases to level 1!
No target in view!
You see here a hound corpse.
There are no objects that can be picked up here. a hound corpse HP restored.
Found a pair of boots.
You see here a +0 pair of boots.
v - a scroll labelled VUYLES BOANIT No target in view!
No target in view!
You start removing your armour.
You continue taking off your +0 scale mail. x4
You finish taking off your +0 scale mail.
You start putting on your armour.
You continue putting on your +0 leather armour. x5
You finish putting on your +0 leather armour.
A lemure comes into view.
Found a white potion.
Found a stone staircase leading down.
The lemure shouts!
You hear a shout! x4
A lemure comes into view. x2
There are monsters nearby!
Pikel, Merchant of Souls comes into view.
He is wielding a +2 whip of electrocution and carrying a wand of paralysis (12).
Found a short sword.
The lemure shouts!
A lemure comes into view.
The lemure hits you.
You see here a white potion.
You barely miss the lemure. The lemure hits you. x2
You miss the lemure. The lemure hits you. You block the lemure's attack.
You slash the lemure!
The lemure is heavily wounded.
The lemure hits you.
A sleepcap comes into view.
You hit Pikel but do no damage.
Pikel hits you with a +2 whip of electrocution!
* * * LOW HITPOINT WARNING * * *
You are electrocuted!
You die...

#.# #.##.# #.#
#.##.# #..#
#.###.##.# ).f
#.[...##.#####
#..
########.....#
#55 #####.#
#5# #...# #5#
#.### #K#
#...# #@#
###.###.#
#.....#
#######


You could see Pikel, 4 lemures and a sleepcap.

Vanquished Creatures
  A hound (D:4)
  Jessica (D:3)
  2 adders (D:2)
  A worm (D:2)
  A dart slug (D:2)
  4 bats
  10 endoplasms
  2 giant cockroaches
  6 goblins
  4 hobgoblins
  3 quokkas
  4 ball pythons
  A frilled lizard (D:1)
  3 kobolds
  2 rats
45 creatures vanquished.

Notes
Turn   | Place    | Note
-------+----------+-------------------------------------------
     0 | D:1      | neptus the Minotaur Fighter began the quest for the Orb.
     0 | D:1      | Reached XP level 1. HP: 19/19 MP: 0/0
   156 | D:1      | Reached XP level 2. HP: 21/27 MP: 1/1
   265 | D:1      | Found a faded altar of an unknown god.
   484 | D:1      | Found Kegaf's Assorted Antiques.
   858 | D:2      | Reached XP level 3. HP: 26/33 MP: 2/2
   932 | D:2      | Found a hazy altar of Hepliaklqana.
  1701 | D:3      | Noticed Jessica
  1704 | D:3      | Killed Jessica
  1705 | D:3      | Reached XP level 4. HP: 39/41 MP: 3/3
  2213 | D:4      | Reached skill level 1 in Axes
  2274 | D:4      | Noticed a lemure
  2274 | D:4      | Noticed a lemure
  2274 | D:4      | Noticed a lemure
  2275 | D:4      | Noticed Pikel
  2275 | D:4      | Noticed a lemure
  2280 | D:4      | Mangled by Pikel

Illustrated notes

Levels and vault maps discovered:
D:1:      dpeg_arrival_tiny_g, layout_loops_ring,
          hellmonk_ecumenical_altar_crossroads, serial_shops, nicolae_shop_trees
D:2:      layout_loops_ring, basic_altar
D:3:      layout_basic, serial_curves, eino_curves_03, eino_curves_02,
          minmay_misc_feat_room, chequers_serial_rivers_micro_e, uniq_jessica
D:4:      layout_basic, mainiacjoe_overflow_paths, minmay_ogre_servants,
          uniq_blork_the_orc, uniq_pikel

Skill      XL: |  1  2  3  4 |
---------------+-------------+-----
Armour         | 4 |  4.7
Fighting       | 4 |  4.4
Maces & Flails | 3 |  3.9
Shields        | 4 |  4.1
Axes           | 1 |  1.0
Dodging        | |  0.3
Stealth        | |  0.2

Action                     |  1- 3 |  4- 6 || total
---------------------------+-------+-------++-------
  Melee: Flail             |    89 |       ||    89
         Headbutt          |    13 |       ||    13
         Hand axe          |    10 |    15 ||    25
 Armour: Scale mail        |    44 |     7 ||    51
  Dodge: Dodged            |    39 |    14 ||    53
  Block: Buckler           |    16 |     3 ||    19

Table legend: (Time is in decaauts)
 A = Elapsed time spent in this place.
 B = Non-inter-level travel time spent in this place.
 C = Inter-level travel time spent in this place.
 D = Time resting spent in this place.
 E = Time spent auto-exploring this place.
 F = Levels seen in this place.
 G = Mean time per level.
                   A        B        C        D        E       F      G
               +--------+--------+--------+--------+--------+-----+--------+
         Total |   2323 |   2279 |     44 |      0 |   1790 |   4 |  580.8 |
       Dungeon |   2323 |   2279 |     44 |      0 |   1790 |   4 |  580.8 |
               +--------+--------+--------+--------+--------+-----+--------+

Top non-repeatable levels by time:
     D:2: 885 daAuts
     D:1: 803 daAuts
     D:3: 536 daAuts
     D:4: 98 daAuts
